 Dungeon Crawl Stone Soup version 0.25-a0-860-gf695395b5c (webtiles) character file.

Game seed: 14554477546167195323, levelgen mode: deterministic

424 Esekla the Magician (level 6, -7/35 HPs)
             Began as a Deep Elf Skald on Apr 28, 2020.
             Was an Initiate of Gozag.
             Mangled by Sigmund
             ... wielding a +0 scythe
              (14 damage)
             ... on level 4 of the Dungeon.
             The game lasted 00:31:03 (4157 turns).

Esekla the Magician (Deep Elf Skald)                Turns: 4157, Time: 00:31:05

Health: -7/35      AC:  9    Str:  8    XL:     6   Next: 64%
Magic:  16/16      EV: 13    Int: 18    God:    Gozag
Gold:   407        SH:  0    Dex: 16    Spells: 7/15 levels left

rFire    . . .     SeeInvis .   a - -1 spear (curse)
rCold    . . .     Gourm    .   (no shield)
rNeg     . . .     Faith    .   r - +3 leather armour
rPois    .         Spirit   .   (no helmet)
rElec    .         Reflect  .   j - +1 cloak
rCorr    .         Harm     .   (no gloves)
MR       .....                  (no boots)
Stlth    +.........             (no amulet)
HPRegen  0.00/turn              (no ring)
MPRegen  0.15/turn              (no ring)

@: mighty, lethally poisoned (-7 -> -23)
A: rugged brown scales 1, inhibited regeneration
a: Potion Petition, Call Merchant, Bribe Branch, Renounce Religion


You were on level 4 of the Dungeon.
You worshipped Gozag.
Gozag was aware of your devotion.
You were not hungry.

You visited 1 branch of the dungeon, and saw 5 of its levels.

You collected 407 gold pieces.

Inventory:

Hand Weapons
 a - a cursed -1 spear (weapon)
 m - a +1 long sword
Missiles
 e - 2 boomerangs of dispersal
 o - 25 poisoned darts (quivered)
 q - 3 boomerangs
Armour
 b - a +0 leather armour
 f - a scarf of repulsion
 i - a cursed +0 buckler
 j - a +1 cloak (worn)
 r - a +3 leather armour (worn)
Jewellery
 c - an uncursed ring of wizardry {unknown}
Scrolls
 g - 2 scrolls of identify
 k - a scroll of enchant weapon
Potions
 p - a potion of brilliance
Comestibles
 d - 10 rations


   Skills:
 - Level 1.5 Fighting
 * Level 4.5 Long Blades
 - Level 0.7 Armour
 + Level 3.4 Dodging
 * Level 5.4 Spellcasting
 - Level 4.4 Charms
 * Level 2.2 Translocations
 * Level 1.8 Ice Magic


You had 7 spell levels left.
You knew the following spells:

 Your Spells              Type           Power        Failure   Level  Hunger
a - Ozocubu's Armour      Chrm/Ice       ###.....     14%         3    ##.....
b - Shroud of Golubria    Chrm/Tloc      ###...       7%          2    #......
d - Infusion              Chrm           ###.         3%          1    None
s - Song of Slaying       Chrm           ###.....     4%          2    #......

Your spell library contained the following spells:

 Spells                   Type           Power        Failure   Level  Hunger
 Spectral Weapon          Hex/Chrm       ##......     22%         3    ##.....


Dungeon Overview and Level Annotations

Branches:
Dungeon (5/15)
 Temple: D:4-7

Altars:
Gozag

Annotations:
D:2 Robin
D:4 Sigmund


Innate Abilities, Weirdness & Mutations

You are partially covered in rugged brown scales. (AC +1, +3% HP)
You do not regenerate when monsters are visible.


Message History

Your regeneration stops near monsters.
Rugged brown scales grow over part of your body.
You feel sick. The orc wizard misses you. The orc misses you.
The orc closely misses you. Something hits you!
* * * LOW HITPOINT WARNING * * *
The orc completely misses you. The quokka closely misses you.
The orc wizard hits you but does no damage.
It was a potion of curing.
You feel better.
The orc wizard hits you with a +0 dagger.
The orc hits you with a +2 flail of venom.
You are lethally poisoned!
The orc misses you. The quokka misses you. The orc hits you but does no damage.
Your leather armour prevents you from hitting the orc.
* * * LOW HITPOINT WARNING * * *
You feel sick.
The orc wizard hits you with a +0 dagger.
* * * LOW HITPOINT WARNING * * *
Something hits you!
You die...
Your body crumbles into a pile of gold.

................
.................
..................
..................
..................
..........o.......
..........ooo......
.........Sr@o..#
.........{#####....
....###...# #
.....#....## #.
#........##.<.
###........%.#
#?..........
#...........
#.....?....%


You could see an orc wizard, an adder, 4 orcs and a quokka.

Vanquished Creatures
  2 scorpions
  A howler monkey (D:4)
  A hound (D:4)
  2 orc wizards (D:3)
  A worker ant (D:4)
  4 gnolls (D:3)
  4 adders
  A shadow imp (D:5)
  A worm (D:2)
  3 dart slugs
  4 leopard geckos
  8 orcs
  A ball python (D:3)
  4 giant cockroaches
  11 goblins
  6 hobgoblins
  6 jackals
  A quokka (D:5)
  10 bats
  5 frilled lizards
  6 kobolds
  3 rats
85 creatures vanquished.

Notes
Turn   | Place    | Note
-------+----------+-------------------------------------------
     0 | D:1      | Esekla the Deep Elf Skald began the quest for the Orb.
     0 | D:1      | Reached XP level 1. HP: 12/12 MP: 6/6
   193 | D:1      | Reached XP level 2. HP: 10/16 MP: 2/8
   351 | D:1      | Learned a level 2 spell: Shroud of Golubria
   354 | D:1      | Learned a level 2 spell: Song of Slaying
   669 | D:1      | Reached XP level 3. HP: 19/20 MP: 8/10
   674 | D:1      | Learned a level 3 spell: Ozocubu's Armour
  1094 | D:2      | Reached skill level 4 in Spellcasting
  1217 | D:2      | Noticed Robin
  1466 | D:2      | Reached XP level 4. HP: 20/25 MP: 9/12
  1585 | D:2      | Reached skill level 1 in Translocations
  1757 | D:3      | Noticed a necrophage
  1813 | D:3      | Found a faded altar of an unknown god.
  1836 | D:3      | HP: 1/25 [gnoll (6)]
  1973 | D:3      | Became a worshipper of Gozag Ym Sagoz the Greedy
  2089 | D:3      | Reached XP level 5. HP: 19/29 MP: 6/13
  2345 | D:2      | Reached skill level 1 in Ice Magic
  2946 | D:3      | Reached XP level 6. HP: 11/34 MP: 12/15
  3331 | D:5      | Entered Level 5 of the Dungeon
  3625 | D:5      | Reached skill level 5 in Spellcasting
  3651 | D:5      | HP: 1/34 [poisoned by a scorpion]
  4136 | D:4      | Noticed Sigmund
  4155 | D:4      | Gained mutation: You do not regenerate when monsters are
                  | visible. [potion of mutation]
  4155 | D:4      | Gained mutation: You are partially covered in rugged brown
                  | scales. (AC +1, +3% HP) [potion of mutation]
  4157 | D:4      | Mangled by Sigmund

Levels and vault maps discovered:
D:1:      minmay_arrival_four_houses, layout_loops_cross, hex_large,
          minmay_tree_intersection, minmay_misc_feat_tower, minmay_heptomino_h4
D:2:      layout_loops_corners, first_ration, nicolae_underground_beach,
          uniq_robin
D:3:      layout_loops_ring, ashenzari_conservatory_becter,
          chequers_ecumenical_altar_simple_redux, lightli_corner_chamber
D:4:      layout_cave_pods, uniq_crazy_yiuf_cottage, uniq_sigmund,
          uniq_blork_the_orc, uniq_purgy
D:5:      layout_basic, eat_drink_and_be_merry_uskayaw, serial_shops, shop,
          minmay_misc_feat_diagonals, minmay_chambers_of_fives

Skill      XL: |  1  2  3  4  5  6 |
---------------+-------------------+-----
Long Blades    | 2 3 4 |  4.5
Spellcasting   | 4 5 |  5.4
Translocations | 1 2 |  2.2
Dodging        | 3 |  3.4
Ice Magic      | 1 |  1.8
Fighting       | |  1.5
Armour         | |  0.7
Charms         | |  4.4

Action                   |  1- 3 |  4- 6 || total
-------------------------+-------+-------++-------
Melee: Falchion          |   113 |    92 ||   205
       Long sword        |       |    55 ||    55
       Spear             |       |    83 ||    83
Throw: Dart              |     5 |    13 ||    18
 Cast: Infusion          |     4 |     7 ||    11
       Shroud of Golubri |     4 |     9 ||    13
       Ozocubu's Armour  |     4 |    12 ||    16
       Song of Slaying   |       |     3 ||     3
  Use: Scroll            |       |     6 ||     6
       Potion            |       |     3 ||     3
  Eat: Chunk             |     2 |     2 ||     4
       Ration            |       |     3 ||     3
Armor: Leather armour    |    38 |    99 ||   137
Dodge: Dodged            |   109 |   179 ||   288
       Repelled          |     4 |       ||     4
       Rpst.: Falchion   |    33 |    22 ||    55
       Long sword        |       |    13 ||    13

Table legend:
 A = Non-vault XP
 B = Vault XP
 C = Vault XP percentage of total XP
 D = Non-vault monster count
 E = Vault monster count
 F = Vault count percentage of total count
                 A         B        C        D         E       F
            +---------+---------+-------+---------+---------+-------
      Total |     541 |      65 |  10.7 |      77 |       8 |   9.4
            +---------+---------+-------+---------+---------+-------
        D:1 |      38 |       5 |  11.6 |      20 |       4 |  16.7
        D:2 |      67 |       6 |   8.2 |      22 |       3 |  12.0
        D:3 |     270 |       0 |   0.0 |      28 |       0 |   0.0
        D:4 |      78 |      54 |  40.9 |       3 |       1 |  25.0
        D:5 |      88 |       0 |   0.0 |       4 |       0 |   0.0
            +---------+---------+-------+---------+---------+-------
